 Dungeon Crawl Stone Soup version 0.15-a0-1619-g29500c9 (webtiles) character file.

5851 PolkaDot the Nimble (level 10, -4/70 HPs)
             Began as a Demonspawn Monk on June 20, 2014.
             Was an Elder of Qazlal.
             Slain by an orc warrior
             ... wielding a +0 flail
              (25 damage)
             ... on Level 9 of the Dungeon.
             The game lasted 00:40:25 (9983 turns).

PolkaDot the Nimble (Demonspawn Monk)               Turns: 9983, Time: 00:40:26

HP  -4/70        AC  7     Str 12      XL: 10   Next: 52%
MP  10/10        EV 20     Int 12      God: Qazlal [****..]
Gold 451         SH  5     Dex 20      Spells:  0 memorised,  9 levels left

rFire  + . .     SeeInvis .       - Unarmed
rCold  + . .     Clarity  .     e - +2 robe {rC+}
rNeg   . . .     rCorr    .     (no shield)
rPois  +         rRot     .     l - +0 helmet
rElec  .         Spirit   .     (no cloak)
SustAb .         Warding  .     (gloves unavailable)
rMut   .         Stasis   .     s - +1 pair of boots
Gourm  +                        j - amulet of the gourmand
MR     .....                    h - ring of poison resistance
                                G - -3 ring of evasion

@: repel missiles, not resistant to hostile enchantments, unstealthy
A: claws 3, thin skeletal structure 1, fire resistance 1, nightstalker 1, flame
cloud immunity
a: Upheaval, Elemental Force, Renounce Religion


You were on level 9 of the Dungeon.
You worshipped Qazlal.
Qazlal was greatly pleased with you.
You were very full.

You visited 2 branches of the dungeon, and saw 10 of its levels.

You collected 451 gold pieces.

Inventory:

Missiles
 z - 3 tomahawks (quivered)
Armour
 e - a +2 robe of cold resistance (worn)
 l - a +0 helmet (worn)
 p - a cursed +2 robe of magic resistance
 s - a +1 pair of boots (worn)
Magical devices
 u - a wand of draining (3)
Comestibles
 b - 6 bread rations
 d - 8 beef jerkies
 f - 6 meat rations
 w - 6 fruits
 E - a slice of pizza
 I - 6 royal jellies
Scrolls
 g - a scroll of fear
 i - a scroll of enchant weapon {unknown}
 m - a scroll of recharging {unknown}
 n - 2 scrolls of remove curse
 o - 2 scrolls of fog
 q - a scroll of blinking
 t - a scroll of immolation {unknown}
 y - 2 scrolls of magic mapping
 B - a scroll of teleportation {unknown}
 H - a scroll of amnesia {unknown}
Jewellery
 h - a ring of poison resistance (right claw)
 j - an amulet of the gourmand (around neck)
 k - a cursed ring of ice
 r - an uncursed ring of flight
 x - an uncursed amulet of resist corrosion
 G - a -3 ring of evasion (left claw)
Potions
 a - a potion of flight
 c - a potion of invisibility {unknown}
 v - 2 potions of brilliance
 A - a potion of restore abilities
 C - a potion of cure mutation {!q}
 F - 2 potions of curing
 J - a potion of porridge


   Skills:
 - Level 3.0 Fighting
 * Level 11.7 Dodging
 - Level 1.7 Stealth
 + Level 9.6 Unarmed Combat


You had 9 spell levels left.
You didn't know any spells.

Dungeon Overview and Level Annotations

Branches:
Dungeon (9/15)             Temple (1/1) D:4
    Orc: D:9-12        Lair: D:8-11

Altars:
Ashenzari
Cheibriados
Dithmenos
Elyvilon
Fedhas
Gozag
Kikubaaqudgha
Makhleb
Nemelex Xobeh
Okawaru
Qazlal
Sif Muna
Trog
Vehumet
Xom
Yredelemnul
Zin
The Shining One

Shops:
D:4 !:*   D:6 }


Innate Abilities, Weirdness & Mutations

You have claws for hands.
You have a somewhat thin skeletal structure (Dex +2, Stealth).
Your flesh is heat resistant.
You are slightly more attuned to the shadows.
You are immune to clouds of flame.


Message History

a trident; an orc corpse The orc barely misses you.
An orc comes into view. It is wielding a mace.
The orc hits you with a trident.
You scratch the orc.
The orc begins to bleed from its wounds!
The orc is lightly wounded.
You claw the orc!
You kill the orc!
Qazlal accepts your kill.
A giant spore comes into view.
You scratch the orc warrior.
The orc warrior begins to bleed from its wounds!
The orc warrior is moderately wounded.
The orc warrior hits you with a flail!
* * * LOW HITPOINT WARNING * * *
You barely miss the orc warrior.
The orc warrior is moderately wounded.
The orc warrior hits you with a flail!!
You die...

#...........#
#...........#
.#...........#
.'..........>#
#...........#
####..#######
##..######
.P..#######.%.."...#
....*oo@.)'........#
....#######........
#)....... #.......
#.....[. #..... ####


You could see an orc warrior (bleeding), an orc and a giant spore.

Vanquished Creatures
  Joseph (D:8)
  The ghost of bronies4ever the Cudgeler, an experienced OgBe of Trog (D:5)
  Grinder (D:4)
  The ghost of Gekot the Thaumaturge, an experienced DEWz (D:6)
  A trapdoor spider zombie (D:9)
  Eustachio (D:7)
  4 hippogriffs
  A deep elf fighter (D:6)
  A soldier ant (D:8)
  Edmund (D:5)
  Menkaure (D:7)
  2 black bears
  A yellow wasp (D:8)
  A sky beast (D:7)
  2 ogres
  3 orc warriors
  An ice beast (D:6)
  A necrophage (D:8)
  2 centaurs
  A phantom (D:4)
  The ghost of nht the Bolt Thrower, an average MiHu (D:3)
  Duvessa (D:4)
  A giant frog (D:6)
  Blork the orc (D:7)
  3 gnoll sergeants (D:6)
  5 killer bees (D:7)
  2 scorpions
  A troll skeleton (D:8)
  2 wights (D:6)
  2 goliath beetles
  3 crimson imps
  Dowan (D:4)
  5 hounds
  2 jellies
  3 orc priests
  7 orc wizards
  3 worker ants
  A gnoll shaman (D:8)
  An iguana (D:6)
  Ijyb (D:7)
  Jessica (D:2)
  A hound skeleton (D:8)
  A mummy (D:8)
  5 adders
  10 gnolls
  A shadow imp (D:5)
  A worm (D:3)
  The ghost of JOKER the Ducker, a weakling FeFi (D:4)
  10 giant geckos
  23 orcs
  15 bats
  A bat skeleton (D:5)
  15 hobgoblins
  7 jackals
  2 ball pythons
  5 giant cockroaches
  5 giant newts
  17 goblins
  11 kobolds
  A kobold skeleton (D:5)
  A kobold zombie (D:4)
  A quokka skeleton (D:4)
  10 rats
  A bush (D:8)
220 creatures vanquished.

Notes
Turn   | Place    | Note
--------------------------------------------------------------
     0 | D:1      | PolkaDot, the Demonspawn Monk, began the quest for the Orb.
     0 | D:1      | Reached XP level 1. HP: 18/18 MP: 1/1
   608 | D:1      | Reached skill level 4 in Unarmed Combat
   611 | D:1      | Gained mutation: You have a somewhat thin skeletal structure (Dex +2, Stealth). [demonic ancestry]
   611 | D:1      | Reached XP level 2. HP: 9/24 MP: 2/2
  1452 | D:2      | Reached XP level 3. HP: 27/29 MP: 3/3
  2075 | D:2      | Found a glowing silver altar of Zin.
  2077 | D:2      | Noticed Jessica
  2079 | D:2      | Found a basalt altar of Yredelemnul.
  2085 | D:2      | Found a bloodstained altar of Trog.
  2113 | D:2      | Killed Jessica
  2701 | D:3      | Gained mutation: You have sharp fingernails. [demonic ancestry]
  2701 | D:3      | Reached XP level 4. HP: 35/35 MP: 2/4
  2702 | D:3      | Noticed nht's ghost (average MiHu)
  2727 | D:3      | Killed nht's ghost
  2727 | D:3      | Reached skill level 5 in Unarmed Combat
  2727 | D:3      | Reached XP level 5. HP: 19/41 MP: 5/5
  3003 | D:3      | Found a shadowy altar of Dithmenos.
  3118 | D:3      | Found an iron altar of Okawaru.
  3259 | D:3      | Found a glowing golden altar of the Shining One.
  3282 | D:4      | Found Cubaf's Book Emporium.
  3394 | D:3      | Gained mutation: Your flesh is heat resistant. [demonic ancestry]
  3394 | D:3      | Reached XP level 6. HP: 35/47 MP: 6/6
  3430 | D:4      | Noticed Dowan
  3433 | D:4      | Noticed Duvessa
  3773 | D:4      | Killed Dowan
  3773 | D:4      | Reached skill level 6 in Unarmed Combat
  3929 | D:4      | Killed Duvessa
  3929 | D:4      | Reached skill level 5 in Dodging
  4236 | D:4      | Noticed JOKER's ghost (weakling FeFi)
  4258 | D:4      | Gained mutation: You are slightly more attuned to the shadows. [demonic ancestry]
  4258 | D:4      | Reached XP level 7. HP: 11/52 MP: 7/7
  4284 | D:4      | Killed JOKER's ghost
  4318 | D:4      | Noticed Grinder
  4514 | D:4      | Killed Grinder
  4556 | D:4      | Noticed a phantom
  4571 | D:4      | Killed a phantom
  4630 | D:4      | Found Geoxaolo's Distillery.
  4675 | D:4      | Noticed an ogre
  4686 | D:4      | Killed an ogre
  4767 | D:4      | Found Sepoak's General Store.
  4790 | D:4      | Found a staircase to the Ecumenical Temple.
  4861 | Temple   | Entered the Ecumenical Temple
  4942 | Temple   | Became a worshipper of Qazlal Stormbringer
  4942 | Temple   | Acquired Qazlal's first power
  4942 | Temple   | Acquired Qazlal's second power
  5155 | D:5      | Entered Level 5 of the Dungeon
  5288 | D:5      | Gained mutation: You are immune to clouds of flame. [demonic ancestry]
  5288 | D:5      | Reached XP level 8. HP: 49/58 MP: 8/8
  5311 | D:5      | Reached skill level 7 in Unarmed Combat
  5965 | D:5      | Noticed Edmund
  5969 | D:5      | Killed Edmund
  6027 | D:6      | Found a blossoming altar of Fedhas.
  6037 | D:6      | Noticed Gekot's ghost (experienced DEWz)
  6135 | D:5      | Noticed bronies4ever's ghost (experienced OgBe)
  6419 | D:5      | Killed bronies4ever's ghost
  6419 | D:5      | Reached skill level 8 in Dodging
  6571 | D:6      | Killed Gekot's ghost
  6571 | D:6      | Gained mutation: You have very sharp fingernails. [demonic ancestry]
  6571 | D:6      | Reached XP level 9. HP: 45/63 MP: 9/9
  6716 | D:6      | Found a sparkling altar of Nemelex Xobeh.
  6728 | D:6      | Reached skill level 9 in Dodging
  6882 | D:6      | Found Genike's Gadget Shoppe.
  6901 | D:6      | Found a shadowy altar of Dithmenos.
  7166 | D:6      | Acquired Qazlal's third power
  7301 | D:7      | Noticed Menkaure
  7318 | D:7      | Killed Menkaure
  7393 | D:7      | Noticed Eustachio
  7403 | D:7      | Killed Eustachio
  7403 | D:7      | Reached skill level 10 in Dodging
  7414 | D:7      | Noticed Blork the orc
  7424 | D:7      | Killed Blork the orc
  8044 | D:7      | Noticed Ijyb
  8053 | D:7      | Killed Ijyb
  8189 | D:7      | Gained mutation: You have claws for hands. [demonic ancestry]
  8189 | D:7      | Reached XP level 10. HP: 56/70 MP: 10/10
  8485 | D:8      | Found a burning altar of Makhleb.
  8520 | D:8      | Found an opulent altar of Gozag.
  8637 | D:8      | Reached skill level 11 in Dodging
  8659 | D:8      | Noticed Joseph
  8678 | D:8      | Killed Joseph
  8821 | D:8      | Acquired Qazlal's fourth power
  9169 | D:8      | Found a shimmering altar of Xom.
  9176 | D:8      | Found a shimmering altar of Xom.
  9177 | D:8      | Found a shimmering altar of Xom.
  9177 | D:8      | Found a shimmering altar of Xom.
  9177 | D:8      | Found a shimmering altar of Xom.
  9177 | D:8      | Found a shimmering altar of Xom.
  9178 | D:8      | Found a shimmering altar of Xom.
  9332 | D:8      | Found a shimmering altar of Xom.
  9983 | D:9      | Slain by an orc warrior

Action                   |  1- 3 |  4- 6 |  7- 9 | 10-12 || total
-------------------------+-------+-------+-------+-------++-------
Melee: Unarmed           |   156 |   203 |   460 |   154 ||   973
Evoke: Wand              |       |       |       |     3 ||     3
  Use: Potion            |     2 |     9 |     3 |       ||    14
       Scroll            |       |       |     4 |     7 ||    11
 Stab: Sleeping          |     5 |     2 |     4 |       ||    11
